 Dungeon Crawl Stone Soup version 0.16.1-25-gbcee3f8 (webtiles) character file.

15 drack the Ruffian (level 2, -4/29 HPs)
             Began as a Troll Berserker on May 22, 2015.
             Was a Follower of Trog.
             Slain by a worm (5 damage)
             ... on level 2 of the Dungeon.
             The game lasted 00:04:54 (650 turns).

drack the Ruffian (Troll Berserker)                  Turns: 650, Time: 00:04:54

Health: -4/29      AC:  5    Str: 24    XL:     2   Next: 34%
Magic:  1/1        EV: 10    Int:  3    God:    Trog [*.....]
Gold:   11         SH:  0    Dex:  9    Spells: 0 memorised, 1 level left

rFire  . . .     SeeInvis .     e - -2 dagger (curse)
rCold  . . .     Clarity  .     b - +0 animal skin
rNeg   . . .     SustAb   .     (shield restricted)
rPois  .         Gourm    +     (helmet restricted)
rElec  .         Spirit   .     (no cloak)
rCorr  +         Warding  .     (gloves unavailable)
rMut   .         Stasis   .     (boots unavailable)
MR     .....                    g - amulet of resist corrosion
Stlth  +.........               (no ring)
                                d - ring of flight

@: not resistant to hostile enchantments, very unstealthy
A: unfitting armour, claws 3, fast metabolism 3, gourmand, regeneration 2,
shaggy fur 1, tough skin 2
a: Burn Spellbooks, Berserk, Renounce Religion, Evoke Flight


You were on level 2 of the Dungeon.
You worshipped Trog.
Trog was aware of your devotion.
You were not hungry.

You visited 1 branch of the dungeon, and saw 2 of its levels.

You collected 11 gold pieces.

Inventory:

Hand weapons
 e - a cursed -2 dagger (weapon)
Armour
 b - a +0 animal skin (worn)
 f - a +0 plate armour
Jewellery
 d - a ring of flight (left claw)
 g - an amulet of resist corrosion (around neck)
Scrolls
 i - 2 scrolls of identify
Potions
 h - 2 potions of haste {unknown}
Books
 c - a book of Burglary

   Spells                             Type                      Level
   a - Swiftness                      Charms/Air                   2
   b - Passwall                       Transmutation/Earth          3
   c - Passage of Golubria            Translocation                4
   d - Lee's Rapid Deconstruction     Earth                        5
   e - Invisibility                   Hexes                        6
   f - Darkness                       Hexes                        7
   Trog disapproves of the use of such an item.
Comestibles
 a - 4 meat rations


   Skills:
 + Level 2.5 Fighting
 + Level 0.1 Short Blades
 + Level 1.6 Armour
 + Level 2.0 Dodging
 + Level 3.2 Unarmed Combat


You had one spell level left.
You didn't know any spells.

Dungeon Overview and Level Annotations

Branches:
Dungeon (2/15)

Altars:


Innate Abilities, Weirdness & Mutations

You are too large for most types of armour.
You have claws for hands.
Your metabolism is lightning-fast.
You like to eat raw meat.
You heal very quickly.
You are covered in fur (AC +1).
You have very tough skin (AC +2).


Message History

* * * LOW HITPOINT WARNING * * *
You hit the worm but do no damage. You claw the worm.
The worm is heavily wounded.
The adder bites you but does no damage. The kobold hits you but does no damage.
You barely miss the worm.
The worm is heavily wounded.
The adder bites you.
* * * LOW HITPOINT WARNING * * *
The worm barely misses you. The kobold closely misses you. The adder bites you.
* * * LOW HITPOINT WARNING * * *
You hit the worm but do no damage.
The worm is heavily wounded.
The adder bites you but does no damage. The kobold hits you with a club.
* * * LOW HITPOINT WARNING * * *
You hit the worm.
The worm is severely wounded.
The adder bites you.
* * * LOW HITPOINT WARNING * * *
The worm bites you.
You die...

........##.......
...###.#....##.......
..............#.......
..)......#.....#.......
###...............###.##
........................
.............<..........
.......K....(............
.......w@....!......>....
.......S...........).....
........................
..................#.....
....##..................
............#.......... #
##..####......#.... #...
##.....#... #.. #>...#


You could see a worm, an adder and a kobold.

Vanquished Creatures
  2 giant geckos
  An ooze (D:1)
  2 bats (D:1)
  2 giant cockroaches
  A goblin (D:1)
  2 kobolds (D:1)
  A quokka (D:2)
11 creatures vanquished.

Notes
Turn   | Place    | Note
--------------------------------------------------------------
     0 | D:1      | drack, the Troll Berserker, began the quest for the Orb.
     0 | D:1      | Reached XP level 1. HP: 22/22 MP: 1/1
   344 | D:1      | Reached XP level 2. HP: 7/29 MP: 1/1
   650 | D:2      | HP: 1/29 [adder (2)]
   650 | D:2      | Slain by a worm

Action                   || total
-------------------------++-------
Melee: Dagger            ||   152
       Unarmed           ||     2
  Use: Scroll            ||     2
       Potion            ||     2
  Eat: Bread ration      ||     1
       Chunk             ||     1
